Map: Moondance

Players

trigger

  • Race: Protoss Protoss
  • League: Grandmaster
  • Spawn Location: 12:00

ByuN - Winner!

  • Race: Terran Terran
  • Spawn Location: 6:00

Event: HomeStory Cup XXII

VOD

Have the link to the VOD?

Description

Time

  • Played on: Dec. 16, 2022, 1:07 p.m.
  • Length: 15:36

All games in this series

Show
View Real Time Build Order
Export as new Build Order

trigger Protoss 

Build Orders: 1 Gate Expand, Blink Stalkers, Colossus Rush 

Get SALT Encoding   

  12  0:00  Probe  
  13  0:12  Probe  
  14  0:16  Pylon  
  14  0:24  Probe (Chrono Boost)  
  16  0:36  Gateway, Probe (Chrono Boost)  
  16  0:43  Probe (Chrono Boost)  
  16  0:45  Assimilator  
  17  0:51  Probe  
  18  1:03  Probe  
  19  1:15  Probe  
  20  1:23  Cybernetics Core  
  20  1:30  Nexus  
  20  1:34  Probe  
  21  1:40  Pylon  
  21  1:47  Assimilator  
  21  1:48  Probe  
  22  1:56  Adept (Chrono Boost)  
  22  2:00  Warp Gate, Probe  
  25  2:11  Gateway  
  25  2:16  Stalker (Chrono Boost)  
  25  2:21  Probe  
  28  2:33  Probe  
  29  2:38  Stalker  
  29  2:41  Shield Battery  
  29  2:42  Probe (Chrono Boost)  
  33  2:52  Probe (Chrono Boost)  
  33  2:54  Probe (Chrono Boost)  
  34  2:59  Stalker  
  34  3:00  Probe x2 (Chrono Boost)  
  38  3:11  Twilight Council  
  38  3:12  Probe  
  39  3:13  Probe  
  39  3:19  Pylon  
  40  3:25  Probe (Chrono Boost)  
  42  3:28  Probe (Chrono Boost)  
  43  3:35  Probe (Chrono Boost)  
  43  3:39  Probe (Chrono Boost)  
  44  3:41  Robotics Facility  
  44  3:42  Probe, Blink (Chrono Boost)  
  45  3:48  Stalker  
  45  3:51  Probe  
  45  3:54  Pylon  
  48  3:56  Stalker  
  50  4:06  Probe  
  50  4:08  Probe  
  50  4:12  Assimilator  
  50  4:18  Probe  
  51  4:25  Probe  
  51  4:27  Nexus  
  51  4:30  Observer, Pylon  
  53  4:31  Stalker  
  53  4:32  Stalker  
  53  4:35  Probe  
  53  4:37  Probe  
  59  4:40  Pylon  
  59  4:48  Probe  
  59  4:50  Probe  
  59  4:55  Assimilator  
  59  4:56  Robotics Bay  
  59  4:59  Shield Battery  
  59  5:00  Probe  
  59  5:03  Probe  
  61  5:08  Forge  
  61  5:12  Probe  
  62  5:15  Observer, Probe  
  63  5:22  Gateway  
  63  5:24  Gateway, Probe  
  63  5:27  Probe  
  65  5:36  Probe, Pylon  
  65  5:38  Probe  
  65  5:41  Probe  
  68  5:43  Colossus (Chrono Boost)  
  68  5:46  Extended Thermal Lance  
  74  5:50  Stalker  
  74  5:52  Stalker  
  78  6:00  Probe x2  
  78  6:02  Probe  
  79  6:15  Probe  
  79  6:16  Protoss Ground Weapons Level 1  
  80  6:20  Zealot  
  80  6:24  Colossus (Chrono Boost)  
  88  6:25  Zealot x2  
  88  6:27  Zealot  
  94  6:39  Gateway  
  93  6:41  Gateway  
  93  6:44  Pylon  
  93  6:46  Pylon  
  93  6:47  Sentry x2, Gateway  
  95  6:48  Gateway  
  97  6:58  Zealot  
  97  7:00  Zealot  
  101  7:02  Pylon  
  101  7:06  Pylon  
  99  7:10  Shield Battery  
  99  7:11  Zealot x2  
  99  7:12  Colossus  
  108  7:18  Charge (Chrono Boost)  
  108  7:23  Stalker x2  
  112  7:32  Zealot x2  
  112  7:33  Zealot  
  116  7:37  Zealot  
  116  7:39  Probe x3  
  116  7:41  Assimilator  
  121  7:45  Pylon  
  121  7:50  Zealot  
  113  7:55  Probe  
  112  7:59  Zealot x5, Stalker  
  112  8:04  Zealot  
  126  8:12  Probe  
  124  8:13  Zealot  
  127  8:22  Stalker x4  
  135  8:31  Pylon  
  135  8:32  Stalker x2  
  135  8:33  Protoss Ground Weapons Level 2 (Chrono Boost)  
  138  8:35  Pylon  
  138  8:36  Zealot  
  140  8:42  Pylon  
  140  8:48  Warp Prism (Chrono Boost)  
  140  8:56  Templar Archives  
  140  9:03  Nexus  
  140  9:04  Pylon  
  140  9:05  Sentry  
  142  9:14  Probe  
  142  9:15  Probe x2  
  145  9:19  Pylon  
  145  9:26  Observer (Chrono Boost)  
  145  9:27  Robotics Facility  
  145  9:28  Shield Battery  
  145  9:30  Probe  
  147  9:32  High Templar x2  
  147  9:37  Archon  
  151  9:39  Shield Battery, High Templar x2  
  151  9:40  Pylon  
  153  9:47  Immortal (Chrono Boost), Probe  
  153  9:51  Probe  
  159  9:54  Pylon  
  159  9:59  Archon  
  157  10:04  Gateway  
  157  10:05  Gateway  
  157  10:12  Zealot  
  157  10:13  Zealot x7  
  152  10:34  Stalker x3  
  152  10:35  Zealot x5  
  124  10:46  Disruptor x2 (Chrono Boost)  
  130  10:53  Protoss Ground Armor Level 1 (Chrono Boost)  
  128  10:58  Assimilator  
  128  11:01  Zealot x8  
  144  11:07  Disruptor (Chrono Boost)  
  144  11:11  Disruptor (Chrono Boost)  
  144  11:18  Dark Shrine  
  146  11:25  Zealot x5  
  146  11:34  Disruptor  
  145  11:40  Zealot x5  
  145  11:41  Disruptor (Chrono Boost)  
  152  11:48  Zealot x2  
  152  11:53  Zealot x3  
  136  12:00  Stalker  
  136  12:01  Zealot, Stalker  
  123  12:07  Disruptor (Chrono Boost)  
  121  12:15  Assimilator  
  124  12:16  Zealot x3  
  124  12:21  Colossus (Chrono Boost)  
  133  12:32  Zealot x3  
  126  12:43  Disruptor (Chrono Boost)  
  127  12:46  Zealot x7  
  135  12:58  Protoss Ground Armor Level 2 (Chrono Boost)  
  135  13:05  Nexus  
  135  13:06  Disruptor (Chrono Boost)  
  135  13:12  Disruptor (Chrono Boost)  
  138  13:19  Stalker x4  
  145  13:24  Gateway  
  145  13:30  Zealot x3  
  145  13:32  Dark Templar  
  153  13:34  Disruptor  
  154  13:42  Zealot x3  
  143  13:56  Zealot x4  
  127  14:03  Probe x2  
  127  14:04  Probe  
  127  14:06  Dark Templar  
  124  14:26  Disruptor (Chrono Boost)  
  124  14:30  Zealot x5  
  132  14:42  Disruptor (Chrono Boost), High Templar x4  
  138  14:45  Archon  
  138  14:46  Archon  
  132  14:55  Disruptor  
  121  15:03  Zealot x6  
  92  15:16  Zealot  
  92  15:17  Zealot x3  
  78  15:24  Dark Templar x2  
  78  15:27  Dark Templar  
Show
View Real Time Build Order
Export as new Build Order

ByuN Terran - Winner!

Build Orders:  

Get SALT Encoding   

  12  0:00  SCV  
  13  0:12  SCV  
  14  0:17  Supply Depot  
  14  0:24  SCV  
  15  0:38  SCV  
  15  0:39  Barracks  
  16  0:43  Refinery  
  16  0:50  SCV  
  16  0:53  Refinery  
  17  1:02  SCV  
  18  1:14  SCV  
  19  1:26  Reaper, Orbital Command  
  19  1:28  Supply Depot  
  20  1:41  Factory  
  20  1:52  SCV  
  21  1:58  Barracks Reactor  
  21  2:04  SCV  
  22  2:16  SCV  
  22  2:19  Command Center  
  23  2:24  Widow Mine  
  25  2:30  SCV  
  25  2:35  Starport  
  26  2:42  Supply Depot, SCV  
  27  2:45  Marine  
  27  2:50  Widow Mine  
  30  2:54  SCV  
  31  3:04  Marine x2  
  33  3:06  SCV  
  33  3:11  Medivac  
  36  3:13  Factory Tech Lab  
  36  3:18  SCV  
  37  3:22  Marine x2  
  39  3:32  Orbital Command  
  39  3:36  Bunker  
  39  3:40  SCV  
  40  3:42  Marine x2  
  40  3:47  Siege Tank  
  44  3:50  Starport Tech Lab  
  44  3:56  Supply Depot  
  44  3:57  SCV  
  44  3:59  SCV  
  44  4:02  Marine  
  46  4:09  SCV  
  48  4:11  SCV  
  48  4:13  Raven  
  51  4:19  Barracks  
  51  4:21  SCV  
  51  4:23  SCV  
  53  4:33  Siege Tank  
  53  4:34  SCV  
  53  4:35  Marine x2  
  59  4:38  Supply Depot  
  59  4:41  SCV  
  60  4:46  SCV  
  57  4:52  Marine  
  57  4:53  SCV, Marine  
  57  4:54  Refinery  
  57  4:58  SCV  
  61  5:02  Engineering Bay  
  61  5:05  SCV  
  62  5:10  SCV  
  62  5:13  Barracks  
  63  5:14  Marine  
  63  5:17  Supply Depot, SCV, Stimpack  
  63  5:18  Starport Reactor  
  63  5:20  Marine  
  63  5:21  Marine  
  67  5:22  SCV, Factory Reactor  
  68  5:29  Supply Depot, Refinery  
  68  5:32  Terran Infantry Weapons Level 1, Marine  
  70  5:36  SCV  
  70  5:38  SCV  
  70  5:41  Supply Depot  
  70  5:51  Supply Depot, SCV x2, Marine x3  
  75  6:05  Combat Shield, Marauder  
  75  6:06  Command Center  
  75  6:07  SCV x2  
  75  6:09  Marauder, Marine x2  
  83  6:16  Medivac x2  
  87  6:30  Barracks, SCV x2  
  87  6:31  Barracks  
  89  6:35  Marauder x2  
  89  6:36  Marine  
  94  6:43  Supply Depot  
  94  6:44  Supply Depot  
  94  6:50  Marine  
  94  6:53  SCV x2  
  94  7:04  Medivac, Marine  
  94  7:05  SCV, Marauder x2  
  94  7:06  SCV, Medivac  
  105  7:09  Marine  
  105  7:10  Widow Mine  
  105  7:12  Widow Mine  
  110  7:17  SCV  
  110  7:18  SCV  
  110  7:20  Barracks Reactor  
  110  7:21  Barracks Tech Lab  
  110  7:22  Marine  
  113  7:24  SCV  
  113  7:29  SCV  
  115  7:30  SCV  
  115  7:32  Marauder x2  
  115  7:33  Marine  
  115  7:36  Medivac  
  115  7:37  Medivac  
  125  7:39  Orbital Command  
  125  7:40  Marine  
  125  7:48  SCV x2  
  125  7:50  Marauder  
  120  7:53  Marauder  
  120  7:54  Marauder  
  120  7:56  Marine  
  120  7:58  Marine  
  119  8:00  SCV x2  
  119  8:01  Refinery  
  119  8:08  Marine x2  
  119  8:11  Marauder  
  119  8:12  SCV  
  121  8:13  Marine  
  121  8:15  Marauder  
  124  8:24  Viking x2, Marauder  
  124  8:26  Command Center  
  130  8:28  Supply Depot, Terran Infantry Armor Level 1  
  130  8:33  Marauder  
  132  8:36  Marauder  
  132  8:41  Marine x3  
  134  8:45  Marauder  
  139  8:52  Starport  
  139  8:54  Viking x2  
  143  8:58  Ghost Academy  
  143  9:00  Supply Depot x2  
  143  9:01  Marauder x2  
  147  9:03  Marine  
  147  9:04  Marine  
  149  9:15  Supply Depot, Factory Reactor  
  149  9:21  Marauder, Marine  
  149  9:22  Concussive Shells  
  152  9:25  Marauder x2, Marine x2  
  152  9:28  Supply Depot  
  152  9:30  Viking  
  160  9:32  Viking  
  160  9:37  Viking  
  164  9:40  Viking  
  164  9:43  Marauder  
  164  9:44  Enhanced Shockwaves  
  168  9:53  Ghost x2  
  172  10:06  Viking x2  
  176  10:10  Viking  
  173  10:25  Marauder x2, Marine  
  169  10:29  SCV x2  
  169  10:30  SCV  
  169  10:35  Marauder  
  167  10:38  Marine  
  162  10:46  Marauder  
  162  10:48  Marine x4  
  168  10:50  SCV  
  168  10:51  SCV x2  
  171  11:01  Armory  
  171  11:03  Engineering Bay, SCV x2, Orbital Command  
  172  11:14  Ghost x3  
  172  11:16  Marine x2  
  172  11:17  Marine x2  
  181  11:22  Medivac x2  
  182  11:42  Marine x2  
  182  11:43  Ghost x2  
  182  11:45  Marine  
  188  11:47  Marauder  
  188  11:51  Marine  
  185  11:58  Medivac x2  
  185  12:00  Widow Mine x2, Marine x2  
  158  12:03  Marine  
  151  12:09  Marauder  
  151  12:10  Terran Infantry Weapons Level 2  
  151  12:12  Marauder  
  151  12:13  Terran Infantry Armor Level 2  
  149  12:16  Marauder  
  149  12:18  SCV x2  
  149  12:19  SCV, Barracks  
  149  12:20  Barracks  
  149  12:21  SCV, Widow Mine x2  
  149  12:22  Barracks  
  159  12:23  Marine x4  
  163  12:30  Marauder  
  163  12:33  Marauder  
  167  12:37  Marauder  
  167  12:41  Marine x3  
  167  12:42  Widow Mine  
  174  12:47  Widow Mine  
  176  12:52  Marauder  
  176  12:53  Sensor Tower  
  176  12:55  Marauder  
  180  12:59  Marauder  
  180  13:02  Marine x3  
  180  13:03  Marine  
  180  13:04  Widow Mine  
  184  13:12  Barracks Reactor, Barracks Tech Lab x2  
  184  13:13  Marauder  
  184  13:16  Marauder  
  184  13:20  Marauder, Marine x3  
  184  13:25  Refinery  
  184  13:26  Refinery  
  189  13:31  Command Center  
  189  13:34  Marauder  
  189  13:38  Marauder  
  188  13:41  Marauder x3  
  188  13:42  Orbital Command  
  188  13:43  Marine  
  188  13:44  Marine  
  188  13:45  Marine  
  188  13:46  Marine  
  186  13:56  Marauder  
  186  13:59  Marauder  
  162  14:03  Marauder x3  
  162  14:05  Marine  
  162  14:06  Reaper  
  163  14:16  Missile Turret  
  158  14:17  Marauder  
  158  14:20  Marauder  
  158  14:23  Ghost  
  164  14:24  Marauder x2  
  164  14:30  Missile Turret  
  160  14:38  Marauder  
  160  14:39  Marine x2  
  160  14:40  Marine  
  160  14:42  Marauder  
  171  14:45  Marauder  
  171  14:46  Marauder  
  171  14:48  Marine  
  172  14:53  Marauder  
  172  14:55  Marine  
  175  15:00  Marauder  
  175  15:03  Marauder  
  175  15:05  Marine  
  173  15:07  Marauder x2  
  173  15:08  Marine  
  173  15:11  Marine x2  
  152  15:14  Marauder  
  152  15:17  Marine  
  152  15:18  Marine  
Tags
 
Add a new tag
Caveats
  • Supply blocks, unpowered buildings, or Contaminate may cause inaccurate times.
  • Supply counts are checked every 10 seconds.